 Dungeon Crawl Stone Soup version 0.31-a0-267-g3fc6992b3b (webtiles) character file.

Game seed: 7865896385400352077

176 qw the Shooter (level 5, -7/45 HPs)
             Began as a Minotaur Hexslinger on July 13, 2023.
             Mangled by a gnoll
             ... wielding a +0 halberd
              (14 damage)
             ... on level 4 of the Dungeon.
             The game lasted 00:01:07 (3114 turns).

qw the Shooter (Minotaur Hexslinger)                Turns: 3114, Time: 00:01:07

Health: -7/45      AC:  9    Str: 13    XL:     5   Next: 30%
Magic:  5/5        EV: 12    Int: 10    God:
Gold:   139        SH:  0    Dex: 14    Spells: 5/6 levels left

rFire   . . .        Y - +1 sling
rCold   + . .        (no shield)
rNeg    . . .        n - +2 robe {rC+}
rPois   .            (helmet restricted)
rElec   .            (no cloak)
rCorr   .            h - +0 pair of gloves
SInv    .            (no boots)
Will    .....        (no amulet)
Stlth   +            k - +4 ring of protection
HPRegen 0.27/turn    (no ring)
MPRegen 0.09/turn

%: no passive effects
@: no status effects
A: horns 2, retaliatory headbutt
a: no special abilities


You were on level 4 of the Dungeon.
You visited 1 branch of the dungeon, and saw 4 of its levels.

You collected 220 gold pieces.
You spent 81 gold pieces at shops.


Innate Abilities, Weirdness & Mutations

You have a pair of horns on your head.
You reflexively headbutt those who attack you in melee.


   Skills:
 - Level 3.0 Fighting
 + Level 5.3 Ranged Weapons
 - Level 1.4 Armour
 - Level 2.1 Dodging
 - Level 1.0 Spellcasting
 - Level 2.0 Hexes


You had 5 spell levels left.
You knew the following spells:

 Your Spells              Type           Power      Damage    Failure   Level
a - Slow                  Hex            16%        N/A       16%         1

Your spell library contained the following spells:

 Spells                   Type           Power      Damage    Failure   Level
 Inner Flame              Hex/Fire       2%         N/A       56%         3
 Portal Projectile        Hex/Tloc       4%         N/A       56%         3
 Cause Fear               Hex            2%         N/A       83%         4

Inventory:

Hand Weapons
 Y - a +1 sling (weapon)
Armour
 h - a +0 pair of gloves (worn)
 n - a +2 robe of cold resistance (worn)
Jewellery
 k - a +4 ring of protection (left hand)
Scrolls
 a - 2 scrolls of identify
Potions
 d - 2 potions of might
 e - 6 potions of curing
 i - a potion of degeneration {unknown}
 j - a potion of ambrosia {unknown}
 l - a potion of heal wounds {unknown}

Dungeon Overview and Level Annotations

Branches:
Dungeon (4/15)
 Temple: D:4-7

Altars:
Elyvilon
Nemelex Xobeh

Shops:
D:2 [

Annotations:
D:3 1 transporter


Message History

You shoot a sling bullet.
The sling bullet closely misses the kobold.
The kobold barely misses you. The gnoll barely misses you.
The kobold hits you but does no damage.
You shoot a sling bullet.
The sling bullet closely misses the kobold.
The kobold misses you. The goblin hits you with a +0 club.
The gnoll hits you from afar with a +0 halberd!
The kobold hits you but does no damage.
You shoot a sling bullet.
The sling bullet hits the kobold but does no damage.
The kobold is moderately wounded.
The kobold hits you with a +0 dagger. The goblin hits you with a +0 club.
The gnoll misses you. The kobold closely misses you.
You shoot a sling bullet.
The sling bullet barely misses the kobold.
The kobold barely misses you. The goblin hits you but does no damage.
The gnoll barely misses you. The kobold barely misses you.
You furiously retaliate!
You headbutt the kobold. You shoot a sling bullet.
The sling bullet hits the kobold!
You kill the kobold!
The kobold misses you. The goblin hits you but does no damage.
The gnoll hits you but does no damage.
You shoot a sling bullet.
The sling bullet barely misses the goblin.
The kobold closely misses you. The goblin barely misses you.
You furiously retaliate!
You headbutt the goblin. The gnoll hits you but does no damage.
The gnoll barely misses you. The goblin hits you with a +0 club.
The kobold barely misses you.
You shoot a sling bullet. The sling bullet hits the goblin.
The goblin is severely wounded.
The kobold misses you. The goblin closely misses you. The gnoll misses you.
You shoot a sling bullet.
The sling bullet barely misses the goblin.
The kobold hits you but does no damage. The goblin hits you but does no damage.
The gnoll misses you.
You shoot a sling bullet. The sling bullet hits the goblin!
You kill the goblin!
The gnoll hits you from afar with a +0 halberd!
You die...

#.##.##.##.# ##+#........#.)#..
#..#.##.##.# +.....#####.#..'..
##......##.### #..####..)).##'##.
###.##.##..#..#..#..'...#..#..#.
####.##.##..#..#..#).#)..#.)%..#.
............##'#.#####%###.#####.
#####.###....#...#(.#...#..#))#..
#####.# #....#.K))g!#...#..'.(#..
......###..#####@########.#####..
####...)...#...#..........'.)+...
##.##...#..()..#'##....#.)#P..
#.##...#####'##..##########..
#>#.....#)....#.()..)..'.(#..
#####...#...#.....#).#..#(.#..#..
...##.......#.).).#####'#..#'##..
##.....##...##'####.....####.....
#..###........................)..


You could see a gnoll and a kobold.

Vanquished Creatures
  A hound (D:4)
  Terence (D:2)
  A gnoll (D:4)
  3 adders (D:2)
  2 worms (D:2)
  2 dart slugs
  7 orcs (D:4)
  6 ball pythons
  6 bats
  2 endoplasms (D:3)
  3 giant cockroaches
  8 goblins
  8 hobgoblins
  4 quokkas
  A frilled lizard (D:3)
  7 kobolds
  7 rats
69 creatures vanquished.

Notes
Turn   | Place    | Note
-------+----------+-------------------------------------------
     0 | D:1      | qw the Minotaur Hexslinger began the quest for the Orb.
     0 | D:1      | Reached XP level 1. HP: 16/16 MP: 1/1
     0 | D:1      | 0 ||| qw: Version: 0.3-a-52-g30416fa
     0 | D:1      | 0 ||| qw: Game counter: 7739
     0 | D:1      | 0 ||| qw: Melee chars always use a shield: true
     0 | D:1      | 0 ||| qw: God list: Okawaru
     0 | D:1      | 0 ||| qw: Allow faded altars: false
     0 | D:1      | 0 ||| qw: Do Orc after clearing Dungeon:15 true
     0 | D:1      | 0 ||| qw: Do second Lair branch before Depths: true
     0 | D:1      | 0 ||| qw: Lair rune preference: random
     0 | D:1      | 0 ||| qw: Goals: Normal
     0 | D:1      | 0 ||| PLANNING D:1-11
    69 | D:1      | 69 ||| FLEEEEING.
    70 | D:1      | 70 ||| FLEEEEING.
   261 | D:1      | Reached skill level 3 in Ranged Weapons
   287 | D:1      | Reached XP level 2. HP: 23/23 MP: 2/2
   844 | D:1      | Found a faded altar of an unknown god.
   930 | D:1      | 930 ||| UPGRADING to +0 pair of gloves.
   935 | D:1      | 935 ||| UPGRADING to +0 ring mail.
   945 | D:1      | 945 ||| DROPPING +0 robe.
   946 | D:1      | 946 ||| UPGRADING to +4 ring of protection.
   947 | D:1      | 947 ||| READING 3 scrolls labelled EDDESSEVOO.
   948 | D:1      | 948 ||| DRINKING 2 sedimented dark potions.
   949 | D:1      | 949 ||| DROPPING 2 scrolls of fear.
   950 | D:1      | 950 ||| DROPPING scroll of poison.
   971 | D:2      | 971 ||| STAIRDANCE
  1027 | D:2      | Noticed Terence
  1034 | D:2      | Killed Terence
  1035 | D:2      | Reached skill level 4 in Ranged Weapons
  1035 | D:2      | Reached XP level 3. HP: 26/29 MP: 3/3
  1081 | D:2      | Found Fumuj's Antique Armour Shop.
  1087 | D:2      | 1087 ||| BUYING runed robe (81 gold).
  1087 | D:2      | Bought a runed robe for 81 gold pieces
  1137 | D:2      | Reached skill level 1 in Armour
  1162 | D:2      | Reached XP level 4. HP: 36/36 MP: 4/4
  1550 | D:2      | 1550 ||| UPGRADING to +1 robe of cold resistance.
  1560 | D:2      | 1560 ||| DROPPING +0 ring mail.
  1561 | D:2      | 1561 ||| UPGRADING to +2 robe of cold resistance.
  1571 | D:2      | 1571 ||| DROPPING +1 robe of cold resistance.
  1572 | D:2      | 1572 ||| READING 3 scrolls labelled BAECVO WUUDGH.
  1573 | D:2      | 1573 ||| READING 2 scrolls labelled GUFOUDUINWY.
  1674 | D:2      | 1674 ||| READING scroll labelled TUCZECLAYSE.
  1675 | D:2      | 1675 ||| DRINKING 3 black potions.
  1676 | D:2      | 1676 ||| READING 2 scrolls of identify.
  1676 | D:2      | 1676 ||| IDENTIFYING amethyst potion
  1677 | D:2      | 1677 ||| DROPPING scroll of silence.
  1678 | D:2      | 1678 ||| DROPPING potion of attraction.
  1789 | D:3      | Found a sparkling altar of Nemelex Xobeh.
  1789 | D:3      | Found a transporter.
  1789 | D:3      | Noticed a gnoll sergeant
  1790 | D:3      | Noticed a scorpion
  2024 | D:3      | Identified the +7 broad axe "Oqeage Astre" {heavy, rC++
                  | Int+3 SInv}
  2531 | D:3      | Found a white marble altar of Elyvilon.
  2532 | D:3      | 2532 ||| READING 3 scrolls of identify.
  2532 | D:3      | 2532 ||| IDENTIFYING coppery potion
  2533 | D:3      | 2533 ||| READING 2 scrolls of identify.
  2533 | D:3      | 2533 ||| IDENTIFYING brown potion
  2534 | D:3      | 2534 ||| DROPPING potion of brilliance.
  2535 | D:3      | 2535 ||| DROPPING potion of lignification.
  2636 | D:4      | Reached skill level 5 in Ranged Weapons
  2679 | D:4      | Reached XP level 5. HP: 41/41 MP: 5/5
  2823 | D:4      | 2823 ||| FLEEEEING.
  3097 | D:4      | Reached skill level 3 in Fighting
  3107 | D:4      | HP: 9/45 [gnoll/+0 halberd (9)]
  3114 | D:4      | Mangled by a gnoll

Levels and vault maps discovered:
D:1:      spicycebolla_green_bress_n_ham_2, layout_loops_corners,
          hellmonk_ecumenical_altar_lost_god, minmay_misc_feat_encased
D:2:      layout_rooms, serial_shops, nicolae_shop_pleasant_corner_grove,
          hex_large, minmay_misc_feat_columns, item_on_display_a, uniq_terence
D:3:      layout_loops_corners, grunt_nemelex_the_gamble, marbit_many_paths
D:4:      corexii_shantytown, layout_rooms

Skill      XL: |  1  2  3  4  5 |
---------------+----------------+-----
Ranged Weapons | 3 4 5 |  5.3
Fighting       | 2 3 |  3.0
Armour         | 1 |  1.4
Dodging        | |  2.1
Spellcasting   | |  1.0
Hexes          | |  2.0

Action                     |  1- 3 |  4- 6 || total
---------------------------+-------+-------++-------
   Fire: Sling             |    83 |   136 ||   219
    Use: Scroll            |     1 |     6 ||     7
         Potion            |     1 |     1 ||     2
 Armour: Robe              |     7 |    35 ||    42
         Ring mail         |     8 |    12 ||    20
  Dodge: Dodged            |    24 |    58 ||    82

Table legend:
 A = Non-vault XP
 B = Vault XP
 C = Vault XP percentage of total XP
 D = Non-vault monster count
 E = Vault monster count
 F = Vault count percentage of total count
                 A         B        C        D         E       F
            +---------+---------+-------+---------+---------+-------
      Total |     164 |      90 |  35.4 |      47 |      22 |  31.9
            +---------+---------+-------+---------+---------+-------
        D:1 |      29 |       0 |   0.0 |      17 |       0 |   0.0
        D:2 |      65 |      36 |  35.6 |      12 |       1 |   7.7
        D:3 |      21 |       1 |   4.5 |      15 |       1 |   6.2
        D:4 |      49 |      53 |  52.0 |       3 |      20 |  87.0
            +---------+---------+-------+---------+---------+-------
